 Dungeon Crawl Stone Soup version 0.29-a0-322-g68df515428 (webtiles) character file.

Game seed: 18306012911426383206

259904 Gibbon the Earth Mage (level 19, -11/168 HPs)
             Began as a Gargoyle Earth Elementalist on Apr 3, 2022.
             Was an Initiate of Gozag.
             Killed from afar by Boris (68 damage)
             ... with an iron shot
             ... on level 2 of the Vaults on Apr 5, 2022.
             The game lasted 06:01:45 (56336 turns).

Gibbon the Earth Mage (GrEE)                       Turns: 56336, Time: 06:01:47

Health: -11/168    AC: 29    Str: 18    XL:     19   Next: 91%
Magic:  2/38       EV:  2    Int: 33    God:    Gozag
Gold:   493        SH: 21    Dex: 10    Spells: 5/48 levels left

rFire   + . .      SeeInvis +   v - +5 eveningstar "Xakic" {freeze, rN+}
rCold   + . .      Faith    .   r - +4 kite shield
rNeg    + + +      Spirit   .   (body armour currently unavailable)
rPois   ∞          Reflect  +   (helmet currently unavailable)
rElec   +          Harm     .   (cloak currently unavailable)
rCorr   +          Rampage  .   (gloves currently unavailable)
Will    +....      Clarity  +   (boots currently unavailable)
Stlth   +++....... NoTele   +   U - amulet "Ziniqiac" {Reflect rCorr Int+2 SH+5}
HPRegen 0.38/turn               w - +6 ring of intelligence
MPRegen 0.26/turn               C - ring of the Real Monster {+Blink rN+ Str+4 Int+3 SInv}

@: mighty, tree-form, resistant
A: stationary, stasis, torment immunity, boosted hp, sickness immunity, AC +14,
(big wings), negative energy resistance 1, (electricity resistance), torment
resistance 1, petrification resistance, (hooves 1), clarity, subdued magic 1
}: 2/15 runes: decaying, gossamer
a: End Transformation, Renounce Religion, Evoke Blink, Potion Petition, Call
Merchant, Bribe Branch


You were on level 2 of the Vaults.
You worshipped Gozag.
Gozag was aware of your devotion.
You were a tree.
You visited 7 branches of the dungeon, and saw 34 of its levels.
You visited the Abyss 1 time.
You also visited: Ossuary and Gauntlet.

You collected 14205 gold pieces.
You spent 2392 gold pieces at shops.
You paid 11320 gold pieces to Gozag.

Inventory:

Hand Weapons
 v - the +5 eveningstar "Xakic" (weapon) {freeze, rN+}
   (You acquired it on level 1 of the Swamp)

   It freezes those it strikes, dealing additional cold damage.
   It can also slow down cold-blooded creatures.
   rN:        It protects you from negative energy.
 K - a +7 demon whip of venom
Missiles
 b - 45 stones
 O - 14 curare-tipped darts (quivered)
 Y - 9 silver javelins
 Z - a throwing net
Armour
 d - the +2 robe of Dehaf {+Inv rC- Will+++ Int+3}
   (You found it on level 9 of the Dungeon)

   Int:       It affects your intelligence (+3).
   rC:        It makes you vulnerable to cold.
   +Inv:      It lets you turn invisible.
   Will:      It greatly increases your willpower.
 e - the +6 scale mail of the Leaf (melded) {rF+ Str+3}
   (You bought it in a shop on level 2 of the Orcish Mines)

   Str:       It affects your strength (+3).
   rF:        It protects you from fire.
 k - a +2 cloak (melded)
 l - the +0 pair of fencer's gloves (melded) {Riposte Dex+3}
   (You bought it in a shop on level 1 of the Orcish Mines)

   It allows the wearer to riposte with melee weapons, swiftly retaliating
   against missed attacks.
   Dex:       It affects your dexterity (+3).
 r - a +4 kite shield (worn)
 z - a +0 helmet
 R - a +1 hat (melded)
Jewellery
 h - the ring of Qutocu {rC+ Str+3}
   (You found it on level 7 of the Dungeon)

   [ring of protection from cold]

   Str:       It affects your strength (+3).
   rC:        It protects you from cold.
 s - a ring of protection from fire
 w - a +6 ring of intelligence (left branch)
 C - the ring of the Real Monster (right branch) {+Blink rN+ Str+4 Int+3 SInv}
   (You acquired it on level 1 of the Swamp)

   [ring of see invisible]

   Str:       It affects your strength (+4).
   Int:       It affects your intelligence (+3).
   rN:        It protects you from negative energy.
   SInv:      It lets you see invisible.
   +Blink:    It lets you blink.
 H - a ring of positive energy
 J - a ring of willpower
 S - the ring "Feehee Uwkopp" {Fire Drain *Slow rElec rN+++}
   (You took it off a minotaur in a Gauntlet)

   [ring of fire]

   It enhances your fire magic.
   rF:        It protects you from fire.
   rC:        It makes you vulnerable to cold.
   rElec:     It insulates you from electricity.
   rN:        It renders you almost immune to negative energy.
   Drain:     It drains your maximum health when unequipped.
   *Slow:     It may slow you when you take damage.
 U - the amulet "Ziniqiac" (around neck) {Reflect rCorr Int+2 SH+5}
   (You found it in a Gauntlet)

   [amulet of reflection]

   It reflects blocked missile attacks.
   Int:       It affects your intelligence (+2).
   rCorr:     It protects you from acid and corrosion.
   SH:        It affects your SH (+5).
Wands
 a - a wand of digging (8)
 j - a wand of acid (8)
 u - a wand of polymorph (24)
 I - a wand of paralysis (6)
Scrolls
 c - a scroll of torment
 g - 4 scrolls of fog
 i - 3 scrolls of amnesia
 m - 5 scrolls of immolation
 x - 2 scrolls of magic mapping
 y - 2 scrolls of fear
 A - 2 scrolls of brand weapon
 D - a scroll of silence
 E - 14 scrolls of identify
 F - 2 scrolls of teleportation
 G - 3 scrolls of holy word
 T - 2 scrolls of blinking
Potions
 f - 5 potions of curing
 n - 3 potions of haste
 o - 4 potions of resistance
 p - 3 potions of lignification
 q - 3 potions of might
 t - 8 potions of mutation
 L - 2 potions of cancellation
 M - a potion of heal wounds
 V - 2 potions of magic
Miscellaneous
 N - a lightning rod (4/4)


   Skills:
 - Level 10.0 Fighting
 - Level 5.1 Maces & Flails
 + Level 12.8 Armour
 - Level 8.0 Dodging
 - Level 6.0 Stealth
 + Level 13.6 Shields
 - Level 15.0 Spellcasting
 - Level 17.0 Conjurations
 - Level 6.0 Hexes
 - Level 3.0 Summonings
 - Level 4.0 Transmutations
 - Level 1.0 Fire Magic
 - Level 18.0 Earth Magic
 - Level 3.0 Evocations


You had 5 spell levels left.
You knew the following spells:

 Your Spells              Type           Power      Damage    Failure   Level
a - Lee's Rapid Deconstr  Erth           42%        3d21*     1%          5
b - Passwall              Tmut/Erth      55%        N/A       1%          2
c - Stone Arrow           Conj/Erth      100%       3d13      0%          3
d - Petrify               Tmut/Erth      66%        N/A       1%          4
e - Animate Armour        Summ/Erth      100%       N/A       1%          4
f - Iron Shot             Conj/Erth      41%        9d8       1%          6
g - Leda's Liquefaction   Hex/Erth       34%        N/A       1%          4
h - Flame Wave            Conj/Fire      59%        2d11      1%          4
i - Orb of Destruction    Conj           40%        9d11      1%          7
j - Iskenderun's Mystic   Conj/Tloc      58%        2d12      1%          4

Your spell library contained the following spells:

 Spells                   Type           Power      Damage    Failure   Level
 Sandblast                Erth           100%       2d20      0%          1
 Foxfire                  Conj/Fire      100%       2x1d9     1%          1
 Slow                     Hex            100%       N/A       1%          1
 Call Canine Familiar     Summ           34%        N/A       1%          3
 Confusing Touch          Hex            49%        N/A       1%          3
 Conjure Flame            Conj/Fire      59%        6-21      1%          3
 Dazzling Flash           Conj/Hex       100%       N/A       1%          3
 Inner Flame              Hex/Fire       36%        N/A       1%          3
 Portal Projectile        Hex/Tloc       68%        N/A       1%          3
 Summon Guardian Golem    Hex/Summ       41%        N/A       1%          3
 Tukima's Dance           Hex            49%        N/A       1%          3
 Hailstorm                Conj/Ice       58%        3d13      1%          4
 Animate Skeleton         Necr           38%        N/A       2%          1
 Pain                     Necr           76%        1d7       2%          1
 Corpse Rot               Necr/Air       38%        N/A       3%          2
 Freezing Cloud           Conj/Ice/Air   23%        6-21      7%          5
 Gell's Gravitas          Tloc           19%        N/A       8%          3
 Lesser Beckoning         Tloc           19%        N/A       8%          3
 Teleport Other           Tloc           19%        N/A       8%          3
 Vampiric Draining        Necr           19%        2d7       8%          3
 Yara's Violent Unravell  Hex/Tmut       22%        3d10      9%          5
 Ice Form                 Ice/Tmut       29%        N/A       12%         4
 Blade Hands              Tmut           19%        N/A       14%         5
 Animate Dead             Necr           9%         N/A       26%         4
 Dispel Undead            Necr           19%        3d11      26%         4
 Olgreb's Toxic Radiance  Pois           19%        N/A       26%         4
 Passage of Golubria      Tloc           19%        N/A       26%         4
 Alistair's Intoxication  Tmut/Pois      19%        N/A       32%         5
 Excruciating Wounds      Necr           9%         N/A       61%         5
 Starburst                Conj/Fire      29%        6d9       10%         6
 Spellforged Servitor     Conj/Summ      31%        N/A       36%         7
 Death Channel            Necr           9%         N/A       99%         6
 Dispersal                Tloc           9%         N/A       99%         6
 Simulacrum               Ice/Necr       9%         N/A       99%         6
 Haunt                    Necr/Summ      13%        N/A       100%        7
 Ozocubu's Refrigeration  Ice            9%         4d6       100%        7
 Ignition                 Fire           12%        3d6       100%        8
 Infestation              Necr           9%         N/A       100%        8
 Statue Form              Tmut/Erth      Unusable   N/A       N/A         6

Dungeon Overview and Level Annotations

Branches:
Dungeon (15/15)            Temple (1/1) D:7            Lair (6/6) D:10
  Swamp (4/4) Lair:2       Spider (4/4) Lair:4        Slime (0/5) Lair:6
    Orc (2/2) D:11            Elf (0/3) Orc:2        Vaults (2/5) D:14
 Depths (0/4) D:15        Ossuary (visited)         Gauntlet (visited)
  Crypt: Vaults:2-3

Altars:
Ashenzari
Dithmenos
Elyvilon
Fedhas
Gozag
Hepliaklqana
Kikubaaqudgha
Makhleb
Nemelex Xobeh
Okawaru
Qazlal
Ru
Sif Muna
Trog
Uskayaw
Wu Jian
Xom
Zin
Beogh
Jiyva

Shops:
D:2 [   D:5 (   D:7 *   D:14 *   Orc:1 *([*   Orc:2 (?[:(

Annotations:
D:3 HuGe's ghost, novice TrBe
Vaults:2 Boris


Innate Abilities, Weirdness & Mutations

You are a tree.
Your roots penetrate the ground, keeping you stationary.
You cannot be teleported.
You are immune to unholy pain and torment.
Your maximum health is greatly increased.
Your equipment is partially melded.
You are immune to sickness and miasma.
((Your stone body is resilient. (AC +14)))
You are immune to poison.
((Your large and strong wings let you fly.))
You resist negative energy. (rN+)
((You are resistant to electric shocks. (rElec)))
You are resistant to unholy torment.
You are immune to petrification.
((You have large cloven feet.))
You possess an exceptional clarity of mind.
Your spells are a little easier to cast, but a little less powerful.


Message History

Okay, then.
Okay, then.
Casting: Petrify (safe; 1% risk of failure)
Confirm with . or Enter, or press ? or * to list all spells.
You can't see any susceptible monsters within range! (Use Z to cast anyway.)
A deep troll opens the door.
Throw: 15 darts (curare)
Press: ? - help, Q - select action, (/) - cycle Shift-Dir - straight line, f - deep troll
Aim: a deep troll (heavily wounded, fleeing, 62% to hit)
You throw a curare-tipped dart.
The curare-tipped dart closely misses the deep troll.
Press: ? - help, v - describe, . - travel
Here: Boris, wearing a +1 robe of fire resistance The floor.
There are monsters nearby!
Casting: Petrify (safe; 1% risk of failure)
Confirm with . or Enter, or press ? or * to list all spells.
Aiming: Iron Shot (mildly dangerous; 1% risk of failure)
Press: ? - help, Shift-Dir - straight line, f/p - Boris
Aim: Boris, wearing a +1 robe of fire resistance (76% to hit)
The iron shot hits Boris!!!
Boris is moderately damaged.
Casting: Iron Shot (mildly dangerous; 1% risk of failure)
Confirm with . or Enter, or press ? or * to list all spells.
Aiming: Iron Shot (mildly dangerous; 1% risk of failure)
Press: ? - help, Shift-Dir - straight line, f/p - Boris
Aim: Boris, wearing a +1 robe of fire resistance (moderately damaged, 76% to hit)
The iron shot hits Boris!!
Boris is heavily damaged.
Casting: Iron Shot (mildly dangerous; 1% risk of failure)
Confirm with . or Enter, or press ? or * to list all spells.
Aiming: Iron Shot (mildly dangerous; 1% risk of failure)
Press: ? - help, Shift-Dir - straight line, f/p - Boris
Aim: Boris, wearing a +1 robe of fire resistance (heavily damaged, 76% to hit)
The iron shot hits Boris!!
Boris is heavily damaged.
Boris points at you and mumbles some strange words.
The iron shot hits you!!!
You die...
Your body crumbles into a pile of gold.

#.p......# #........# #....[...#
#........# #........# .#.....L..#
.'........# .......> #(....♣..#
........ #........# ........
#..!.....# ........ ##########
...... ....
#'###############################
..)..............................
.................................


You could see Boris and an ironbound preserver.

Vanquished Creatures
  Bai Suzhen (Spider:4)
  A bone dragon (Abyss:2)
  Arachne (Spider:2)
  Jorgrun (Spider:1)
  Mlioglotl (Swamp:4)
  A lich (Abyss:2)
  A shard shrike skeleton (Abyss:4)
  A titan (Vaults:2)
  A sphinx (Vaults:2)
  An Executioner (Abyss:2)
  Gastronok (Lair:3)
  A thorn hunter (Swamp:3)
  A tentacled starspawn (Abyss:5)
  Donald (Spider:4)
  Roxanne (Swamp:2)
  2 fenstrider witches (Swamp:4)
  A frost giant (Orc:1)
  A ghost moth (Spider:3)
  3 emperor scorpions
  2 orc warlords
  2 ironbound preservers
  Aizul (Spider:1)
  3 ironbound thunderhulks
  2 stone giants (Vaults:2)
  6 broodmothers
  Nessos (D:12)
  6 eleionomae
  6 entropy weavers
  5 dire elephants
  Azrael (Spider:1)
  A minotaur (Gauntlet)
  4 spark wasps
  3 bunyips
  4 ettins
  3 yaktaur captains
  A fire dragon (Lair:6)
  2 shambling mangroves (Swamp:3)
  4 ice dragons (Swamp:4)
  A spriggan zombie (Abyss:2)
  11 hydras
  4 vault guards (D:14)
  A catoblepas (Lair:4)
  4 ghost crabs
  5 radroaches
  A rakshasa (Abyss:4)
  A jorogumo (Spider:4)
  3 ironbound frosthearts
  The ghost of Qyfeneh the Cleaver, a journeyman DsFi of Cheibriados (Lair:2)
  An ogre mage (Orc:1)
  Erolcha (D:13)
  A spriggan skeleton (Abyss:2)
  3 boulder beetles
  5 two-headed ogres
  10 centaur warriors
  9 alligators
  A death knight (D:15)
  3 tengu warriors
  3 death scarabs
  4 thrashing horrors
  14 spriggans
  2 titan zombies (Orc:1)
  Amaemon (D:10)
  A wretched star (Abyss:2)
  11 skeletal warriors
  A sixfirhy (Abyss:2)
  6 pharaoh ants
  A goliath frog (Swamp:1)
  8 deep trolls
  2 spatial maelstroms (Abyss:2)
  6 large abominations
  2 bog bodies
  2 steelbarb worms (Spider:4)
  13 orb spiders
  5 swamp dragons
  4 spriggan druids
  2 wizards
  3 ironbound convokers (Vaults:1)
  5 lindwurms
  4 deep elf pyromancers
  2 orc knights
  18 wolf spiders
  A mana viper (shapeshifter) (D:13)
  2 oklob plants (Lair:4)
  A worldbinder (Abyss:2)
  17 ugly things
  A salamander (D:15)
  5 manticores
  17 cyclopes
  3 will-o-the-wisps
  A stone giant zombie (Orc:1)
  3 black mambas
  4 moths of wrath
  5 vault sentinels
  2 rust devils (Abyss:2)
  An apocalypse crab (Abyss:2)
  A storm dragon simulacrum (D:14)
  17 elephants
  4 torpor snails
  A guardian serpent (shapeshifter) (D:15)
  An orange demon (D:10)
  13 cane toads
  2 gargoyles
  An unseen horror (D:12)
  6 rime drakes
  3 kobold demonologists
  An alligator snapping turtle skeleton (Abyss:2)
  An efreet (Abyss:2)
  3 demonic crawlers
  9 freezing wraiths
  3 tengu conjurers
  A tormentor (Abyss:5)
  12 yaktaurs
  6 komodo dragons
  4 ancient zymes (Abyss:2)
  16 hornets
  A troll (Orc:2)
  4 meliai
  3 bloated husks
  A queen bee (shapeshifter) (D:13)
  9 tyrant leeches
  10 polar bears (Lair:6)
  27 blink frogs
  20 tarantellas
  14 slime creatures
  9 raiju
  17 dream sheep
  23 jumping spiders
  4 flying skulls
  20 culicivoras
  A centaur simulacrum (D:14)
  An air elemental (Abyss:5)
  A shadow (Abyss:2)
  Sigmund (D:5)
  4 wraiths
  A vampire (D:12)
  4 ynoxinuls
  Grum (D:8)
  9 wyverns
  5 fire elementals (Spider:1)
  A golden eye (Abyss:2)
  43 yaks
  4 basilisks
  59 redbacks
  2 neqoxecs (Abyss:2)
  5 steam dragons
  A spectral komodo dragon (Gauntlet)
  5 swamp worm simulacra (Swamp:4)
  12 vampire mosquitoes
  3 acid dragons
  9 wargs
  Duvessa (D:6)
  17 swamp worms
  25 water moccasins
  15 hell hounds
  14 hydra simulacra (Swamp:4)
  49 orc warriors
  A swamp dragon zombie (Abyss:2)
  8 small abominations
  14 black bears
  A swamp drake (Swamp:3)
  10 ogres
  37 wolves
  16 centaurs
  A phantom (D:5)
  A gnoll sergeant (D:8)
  13 kobold brigands
  20 bullfrogs
  3 scorpions
  An earth elemental (Abyss:5)
  A cyclops zombie (Orc:1)
  10 wights
  Dowan (D:6)
  11 killer bees
  3 electric eels
  5 starcursed masses (Abyss:2)
  4 hounds
  5 jellies
  16 orc priests
  Natasha (thrice) (D:4)
  7 iguanas
  20 orc wizards
  4 hell rats (Lair:2)
  A mummy (Ossuary)
  3 adders (D:5)
  6 gnolls
  A river rat (D:3)
  2 white imps
  2 ufetubi
  2 swamp drake simulacra (Swamp:4)
  3 worms
  74 orcs
  2 bats (D:3)
  5 endoplasms
  4 giant cockroaches
  5 goblins
  4 hobgoblins
  2 quokkas
  11 ball pythons
  3 frilled lizards
  5 gnoll skeletons (Ossuary)
  27 kobolds
  6 kobold skeletons (Ossuary)
  14 orc skeletons (Ossuary)
  4 rats
  A lurking horror (Abyss:5)
  A starspawn tentacle (Abyss:2)
1292 creatures vanquished.

Vanquished Creatures (collateral kills)
  An emperor scorpion (Spider:1)
  A hydra (D:14)
  A death knight (D:14)
  3 deep trolls (Vaults:1)
  A sun moth (Spider:1)
  2 steelbarb worms (Spider:1)
  2 wolf spiders (Spider:1)
  2 ugly things (D:15)
  A moth of wrath (Spider:1)
  An elephant (Lair:6)
  A demonic crawler (Spider:1)
  A polar bear (Lair:2)
  3 tarantellas (Spider:1)
  3 jumping spiders (Spider:1)
  3 vampire mosquitoes (D:13)
  A warg (Orc:2)
  A centaur (D:8)
  A wight (D:8)
  2 killer bees (D:10)
  An orc priest (D:9)
  A gnoll (D:8)
  A shadow imp (D:8)
34 creatures vanquished.

Vanquished Creatures (others)
  A sixfirhy (Abyss:5)
  A sun moth (Spider:1)
  A wolf spider (Spider:3)
  A demonic crawler (Abyss:2)
  A bloated husk (Swamp:4)
  A hornet (Swamp:1)
  A culicivora (Spider:1)
  A jumping spider (Spider:4)
  2 redbacks
  A swamp worm (Swamp:3)
  A hydra simulacrum (Swamp:4)
  A small abomination (Abyss:5)
  An orc wizard (D:6)
  An orc (D:4)
  A bush (Lair:4)
  10 foxfires
  51 fungi
  A lurking horror (Abyss:5)
  139 plants
  3 starspawn tentacles
220 creatures vanquished.

Grand Total: 1546 creatures vanquished

Notes
Turn   | Place    | Note
-------+----------+-------------------------------------------
     0 | D:1      | Gibbon the Gargoyle Earth Elementalist began the quest for
                  | the Orb.
     0 | D:1      | Reached XP level 1. HP: 10/10 MP: 3/3
   263 | D:1      | Reached skill level 1 in Transmutations
   314 | D:1      | Reached XP level 2. HP: 9/15 MP: 1/5
   439 | D:1      | Learned a level 2 spell: Passwall
   829 | D:1      | Reached skill level 4 in Earth Magic
  1164 | D:2      | Reached XP level 3. HP: 19/19 MP: 4/6
  1421 | D:2      | Learned a level 3 spell: Stone Arrow
  1903 | D:2      | Found Xauni's Armour Shoppe.
  2454 | D:3      | Found a runed translucent door.
  2460 | D:3      | Noticed HuGe's ghost (novice TrBe)
  2585 | D:3      | Found a runed translucent door.
  2600 | D:3      | Reached skill level 1 in Fighting
  2600 | D:3      | Reached XP level 4. HP: 19/25 MP: 1/7
  2830 | D:3      | Reached skill level 1 in Conjurations
  3381 | D:4      | Noticed Natasha
  3384 | D:4      | Killed Natasha
  3385 | D:4      | Reached XP level 5. HP: 29/29 MP: 5/9
  3406 | D:4      | Noticed Natasha
  3425 | D:4      | Killed Natasha
  3426 | D:4      | Reached skill level 5 in Earth Magic
  3453 | D:4      | Noticed Natasha
  3458 | D:4      | Killed Natasha
  3562 | D:4      | Noticed a steam dragon
  4187 | D:5      | Entered Level 5 of the Dungeon
  4204 | D:5      | Learned a level 4 spell: Petrify
  4384 | D:5      | Reached XP level 6. HP: 31/34 MP: 2/10
  4527 | D:5      | Reached skill level 6 in Earth Magic
  4667 | D:5      | Reached skill level 1 in Armour
  4667 | D:5      | Reached XP level 7. HP: 38/38 MP: 3/11
  4768 | D:5      | Noticed Sigmund
  4771 | D:5      | Killed Sigmund
  4795 | D:5      | Reached skill level 7 in Earth Magic
  4800 | D:5      | Found Sofiel's Antique Weapon Emporium.
  4934 | D:5      | Noticed a steam dragon
  4938 | D:5      | Killed a steam dragon
  5056 | D:5      | Reached XP level 8. HP: 40/46 MP: 7/12
  5097 | D:5      | Learned a level 3 spell: Vampiric Draining
  5811 | D:6      | Noticed a two-headed ogre
  5819 | D:6      | Killed a two-headed ogre
  5820 | D:6      | Reached skill level 5 in Fighting
  5820 | D:6      | Reached skill level 9 in Earth Magic
  5820 | D:6      | Reached XP level 9. HP: 24/55 MP: 0/15
  6104 | D:6      | Learned a level 4 spell: Animate Armour
  6327 | D:6      | Reached skill level 1 in Summonings
  6601 | D:6      | Noticed Duvessa
  6601 | D:6      | Noticed Dowan
  6605 | D:6      | Killed Duvessa
  6607 | D:6      | Killed Dowan
  6780 | D:6      | Reached skill level 10 in Earth Magic
  7410 | D:7      | Found Nostahy's Elemental Accessories.
  7442 | D:7      | Noticed a manticore
  7449 | D:7      | Killed a manticore
  7450 | D:7      | Reached skill level 11 in Earth Magic
  7670 | D:7      | Found a staircase to the Ecumenical Temple.
  7679 | Temple   | Entered the Ecumenical Temple
  7733 | Temple   | Became a worshipper of Gozag Ym Sagoz the Greedy
  7812 | D:7      | Identified the ring of Qutocu {rC+ Str+3}
  7874 | D:7      | Reached XP level 10. HP: 52/60 MP: 9/16
  7874 | D:7      | Found a sand-covered staircase.
  7880 | Ossuary  | Entered an ossuary
  8700 | D:7      | Reached skill level 5 in Spellcasting
  9017 | D:8      | Noticed a two-headed ogre
  9026 | D:8      | Killed a two-headed ogre
  9219 | D:8      | Found a shadowy altar of Dithmenos.
  9219 | D:8      | Found a shimmering blue altar of Sif Muna.
  9219 | D:8      | Found a glowing silver altar of Zin.
  9220 | D:8      | Found a hazy altar of Hepliaklqana.
  9221 | D:8      | Found a shimmering altar of Xom.
  9279 | D:8      | You fall into a shaft and drop 3 floors!
  9288 | D:11     | Found a staircase to the Orcish Mines.
  9296 | D:11     | Noticed a manticore
  9309 | D:11     | Killed a manticore
  9379 | D:10     | Entered Level 10 of the Dungeon
  9687 | D:9      | Identified the +2 robe of Dehaf {+Inv rC- Will+++ Int+3}
  9963 | D:9      | Reached skill level 1 in Evocations
 10121 | D:9      | Reached XP level 11. HP: 44/64 MP: 18/23
 10425 | D:8      | Noticed Grum
 10441 | D:9      | Reached skill level 12 in Earth Magic
 10558 | D:8      | Killed Grum
 10594 | D:8      | Learned a level 6 spell: Iron Shot
 10599 | D:8      | Learned a level 4 spell: Leda's Liquefaction
 10940 | D:10     | Noticed a brown ugly thing
 10956 | D:10     | Killed a brown ugly thing
 11213 | D:10     | Found a blossoming altar of Fedhas.
 11392 | D:10     | Found a staircase to the Lair.
 11692 | D:10     | Reached skill level 13 in Earth Magic
 11742 | D:10     | Noticed Amaemon
 11750 | D:10     | Killed Amaemon
 11759 | D:10     | Reached skill level 5 in Conjurations
 12125 | D:10     | Reached skill level 5 in Armour
 12264 | D:11     | Noticed a two-headed ogre
 12296 | D:11     | Killed a two-headed ogre
 13084 | D:12     | Noticed a skeletal warrior
 13084 | D:12     | Noticed a skeletal warrior
 13084 | D:12     | Noticed a skeletal warrior
 13084 | D:12     | Noticed a skeletal warrior
 13084 | D:12     | Noticed a skeletal warrior
 13170 | Lair:1   | Entered Level 1 of the Lair of Beasts
 13188 | Lair:1   | Reached skill level 1 in Shields
 13651 | Lair:1   | Reached skill level 14 in Earth Magic
 13658 | Lair:1   | Reached XP level 12. HP: 44/70 MP: 7/24
 14326 | Lair:1   | Reached skill level 5 in Shields
 15812 | Lair:2   | Found a staircase to the Swamp.
 15867 | Lair:2   | Reached skill level 10 in Conjurations
 16834 | Lair:2   | Found a runed translucent door.
 16858 | Lair:2   | Noticed Qyfeneh's ghost (journeyman DsFi)
 16859 | Lair:2   | Identified the +4 trident "Unypp" {venom, *Rage rPois
                  | Int+2}
 17323 | Lair:3   | Reached skill level 15 in Earth Magic
 17406 | Lair:3   | Reached XP level 13. HP: 74/74 MP: 18/25
 18219 | Lair:3   | Noticed Gastronok
 18230 | Lair:3   | Killed Gastronok
 18231 | Lair:3   | Reached skill level 1 in Maces & Flails
 18814 | Lair:4   | Found a gate leading to a gauntlet.
 18829 | Gauntlet | Entered a Gauntlet
 18829 | Gauntlet | Found a transporter.
 18837 | Gauntlet | Found a transporter.
 18839 | Gauntlet | Found a transporter.
 18843 | Gauntlet | Found a runed translucent door.
 18843 | Gauntlet | Found a runed translucent door.
 18847 | Gauntlet | Found a transporter.
 18869 | Gauntlet | Found a transporter.
 18877 | Gauntlet | Found a transporter.
 18880 | Gauntlet | Found a transporter.
 19069 | Gauntlet | Noticed a quicksilver ooze
 19070 | Gauntlet | Found a transporter.
 19072 | Gauntlet | Found a transporter.
 19138 | Gauntlet | Learned a level 4 spell: Flame Wave
 19173 | Gauntlet | Found a transporter.
 19234 | Gauntlet | Identified the ring "Feehee Uwkopp" {Fire Drain *Slow rElec
                  | rN+++}
 19234 | Gauntlet | Noticed a minotaur
 19240 | Gauntlet | Killed a minotaur
 19247 | Gauntlet | Identified the +0 leather armour of Mudeylez {Str+5}
 19247 | Gauntlet | Identified the amulet "Ziniqiac" {Reflect rCorr Int+2 SH+5}
 19247 | Gauntlet | Identified the ring "Qyz Othee" {Fly Str+3}
 20071 | Lair:4   | Reached skill level 10 in Spellcasting
 20462 | Lair:4   | Found a hole to the Spider Nest.
 20862 | Lair:4   | Found a blossoming altar of Fedhas.
 20868 | Lair:4   | Gained mutation: Your large and strong wings let you fly.
                  | [Gargoyle growth]
 20868 | Lair:4   | Reached XP level 14. HP: 37/87 MP: 15/28
 21280 | Lair:5   | Reached skill level 10 in Fighting
 21515 | Lair:5   | Reached skill level 1 in Fire Magic
 22294 | Lair:6   | Entered Level 6 of the Lair of Beasts
 22303 | Lair:6   | Found a dark tunnel.
 22761 | Lair:2   | Killed Qyfeneh's ghost
 22784 | Lair:2   | Identified the +1 helmet "Vahofew" {Will- Dex+4}
 23101 | Lair:6   | Reached skill level 5 in Dodging
 24036 | Lair:6   | Identified the +1 leather armour "Tumoegg" {Regen+ rCorr}
 24040 | Lair:6   | Found a staircase to the Slime Pits.
 24041 | Lair:6   | Found a viscous altar of Jiyva.
 24357 | Lair:6   | Reached skill level 16 in Earth Magic
 24764 | Lair:6   | Learned a level 5 spell: Yara's Violent Unravelling
 24788 | Lair:6   | Reached skill level 1 in Hexes
 25822 | Lair:6   | Reached XP level 15. HP: 92/92 MP: 14/30
 26287 | Lair:6   | Got The Advanced Guide to Magic
 26629 | Orc:1    | Entered Level 1 of the Orcish Mines
 26630 | Orc:1    | Found Maeckuer's Antique Weapon Emporium.
 27259 | Orc:1    | Reached skill level 10 in Shields
 27741 | Orc:1    | Noticed a frost giant
 27754 | Orc:1    | Killed a frost giant
 27812 | Orc:1    | Reached skill level 17 in Earth Magic
 27998 | Orc:1    | Identified the +0 trident of Cowardice {holy, rPois rCorr}
 28322 | Orc:1    | Identified the +9 glaive of the Shining Light {venom, rPois
                  | Str+4 SInv}
 28323 | Orc:1    | Identified the +6 glaive "Xorud" {speed, Will+}
 28486 | Orc:1    | Found Pana's General Store.
 28504 | Orc:1    | Bought a scroll of fear for 49 gold pieces
 28504 | Orc:1    | Bought a scroll of teleportation for 42 gold pieces
 28504 | Orc:1    | Bought a +0 pair of gloves of dexterity for 161 gold pieces
 28615 | Orc:2    | Entered Level 2 of the Orcish Mines
 28615 | Orc:2    | Noticed an orc warlord
 28615 | Orc:2    | Found a staircase to the Elven Halls.
 29142 | Orc:2    | Found Cyrove's Antique Weapon Shoppe.
 29437 | Orc:2    | Found Niekufum's Antique Armour Shoppe.
 29437 | Orc:2    | Found Roxucu's Book Boutique.
 29437 | Orc:2    | Found Ekhem's Antique Weapon Shop.
 29451 | Orc:2    | Found Elint's Magic Scroll Emporium.
 29608 | Orc:2    | Bought a scroll of teleportation for 51 gold pieces
 29608 | Orc:2    | Bought a scroll of identify for 34 gold pieces
 29608 | Orc:2    | Bought a scroll of amnesia for 59 gold pieces
 29609 | Orc:2    | Bought a scroll of identify for 34 gold pieces
 29609 | Orc:2    | Bought a scroll of identify for 34 gold pieces
 29609 | Orc:2    | Bought a scroll of identify for 34 gold pieces
 29613 | Orc:2    | Bought a scroll of identify for 34 gold pieces
 29617 | Orc:2    | Bought a transparent scale mail for 216 gold pieces
 29617 | Orc:2    | Identified the +6 scale mail of the Leaf {rF+ Str+3} (You
                  | bought it in a shop on level 2 of the Orcish Mines)
 29833 | Orc:2    | Killed an orc warlord
 29834 | Orc:2    | Reached skill level 5 in Hexes
 30481 | Orc:1    | Found Fuloytil's Antique Armour Shop.
 31077 | Orc:1    | Found Xeofog Ynn's Assorted Antiques.
 31086 | Orc:1    | Bought a scroll of enchant armour for 240 gold pieces
 31117 | Orc:1    | Bought the +0 pair of fencer's gloves {Riposte Dex+3} for
                  | 1040 gold pieces
 31117 | Orc:1    | Found the +0 pair of fencer's gloves {Riposte Dex+3}
 31771 | D:12     | Found a transporter.
 32186 | D:12     | Noticed Nessos
 32191 | D:12     | Killed Nessos
 32192 | D:12     | Reached XP level 16. HP: 54/97 MP: 0/31
 32403 | D:12     | Identified the +0 cloak of Words of Power {Fly}
 32560 | D:12     | Identified the +1 pair of gloves of the Lute {rElec Stlth+}
 32709 | D:12     | Found a transporter.
 33265 | D:13     | Noticed Erolcha
 33277 | D:13     | Killed Erolcha
 33427 | D:13     | Gained mutation: Your magical capacity is low. (-10% MP)
                  | [potion of mutation]
 33428 | D:13     | Lost mutation: Your magical capacity is low. (-10% MP)
                  | [potion of mutation]
 33428 | D:13     | Gained mutation: You possess an exceptional clarity of
                  | mind. [potion of mutation]
 33428 | D:13     | Gained mutation: You have large cloven feet. [potion of
                  | mutation]
 34690 | D:14     | Found Xofuh's Assorted Antiques.
 34699 | D:14     | Bought a scroll of fear for 91 gold pieces
 34699 | D:14     | Bought a scroll of magic mapping for 91 gold pieces
 34699 | D:14     | Bought a wand of iceblast (3) for 104 gold pieces
 34699 | D:14     | Bought a potion of curing for 78 gold pieces
 35117 | D:14     | Found a gate to the Vaults.
 35152 | D:14     | Reached skill level 18 in Earth Magic
 35736 | D:15     | Entered Level 15 of the Dungeon
 36370 | D:15     | Found a staircase to the Depths.
 36915 | Spider:1 | Entered Level 1 of the Spider Nest
 36980 | Spider:1 | Reached skill level 10 in Armour
 36997 | Spider:1 | Reached XP level 17. HP: 72/102 MP: 20/33
 37509 | Spider:1 | Noticed Jorgrun
 37905 | Spider:2 | Noticed Arachne
 37928 | Spider:2 | Killed Arachne
 38295 | Spider:1 | Noticed Aizul
 38317 | Lair:4   | HP: 4/102 [redback[a torpor snail] (11)]
 38740 | Swamp:1  | Entered Level 1 of the Swamp
 38834 | Swamp:1  | Identified 2 scrolls of acquirement
 38864 | Swamp:1  | Acquired the ring of the Real Monster {+Blink rN+ Str+4
                  | Int+3 SInv}
 39716 | Swamp:1  | Identified the +0 helmet of the Black Moon {rElec rPois
                  | MP-9 SInv}
 39916 | Swamp:2  | Noticed Roxanne
 39924 | Swamp:2  | Killed Roxanne
 40290 | Swamp:1  | Acquired the +5 eveningstar "Xakic" {freeze, rN+}
 41184 | Swamp:2  | Learned a level 5 spell: Lee's Rapid Deconstruction
 41189 | Swamp:2  | Learned a level 4 spell: Iskenderun's Mystic Blast
 41444 | Spider:1 | Killed Jorgrun
 41882 | Spider:1 | Noticed Azrael
 41896 | Spider:1 | Killed Azrael
 41903 | Spider:1 | Killed Aizul
 42677 | Spider:2 | Upgraded the game from 0.29-a0-321-gf1c400731a to
                  | 0.29-a0-322-g68df515428
 42683 | Spider:3 | Reached skill level 5 in Maces & Flails
 43290 | Spider:3 | Reached XP level 18. HP: 100/107 MP: 29/36
 43524 | Spider:4 | Entered Level 4 of the Spider Nest
 43676 | Spider:3 | Reached skill level 5 in Stealth
 43773 | Spider:4 | Noticed Donald
 44364 | Spider:4 | Killed Donald
 44806 | Spider:4 | Noticed Bai Suzhen
 44865 | Spider:4 | Killed Bai Suzhen
 45130 | Spider:3 | Learned a level 7 spell: Orb of Destruction
 45950 | Spider:3 | Reached skill level 15 in Spellcasting
 46648 | Spider:4 | Reached skill level 15 in Conjurations
 47264 | Spider:4 | Got a gossamer rune of Zot
 48572 | Swamp:3  | Reached XP level 19. HP: 112/112 MP: 25/38
 48966 | Swamp:4  | Entered Level 4 of the Swamp
 49424 | Swamp:4  | Noticed Mlioglotl
 49431 | Swamp:4  | Killed Mlioglotl
 49669 | Swamp:4  | Paralysed by a fenstrider witch for 4 turns
 50970 | Swamp:4  | Got a decaying rune of Zot
 51288 | Vaults:1 | Entered Level 1 of the Vaults
 51762 | Vaults:1 | Cast into level 2 of the Abyss (a wizard)
 51809 | Abyss:2  | Noticed a bone dragon
 51823 | Abyss:2  | Killed a bone dragon
 52204 | Abyss:2  | Paralysed by accursed screaming for 1 turns
 52212 | Abyss:2  | Paralysed by accursed screaming for 1 turns
 52218 | Abyss:2  | Found a corrupted altar of Lugonu.
 52371 | Abyss:2  | Found a corrupted altar of Lugonu.
 52382 | Abyss:2  | Found a corrupted altar of Lugonu.
 52517 | Abyss:2  | Noticed an ancient lich
 52681 | Abyss:5  | Entered Level 5 of the Abyss
 52764 | Abyss:5  | Gained mutation: Your spells are a little easier to cast,
                  | but a little less powerful. [a cacodemon]
 53010 | Abyss:5  | Paralysed by an air elemental for 1 turns
 53026 | Vaults:1 | Escaped the Abyss
 56330 | Vaults:2 | Noticed Boris
 56336 | Vaults:2 | Killed from afar by Boris

Illustrated notes

Levels and vault maps discovered:
D:1:      erik_arrival_triangle_small, layout_basic
D:2:      layout_loops_corners, serial_shops, shop, minmay_distorted
D:3:      layout_loops_ring, ebering_ghost_sewer_f, minmay_misc_feat_cross,
          nicolae_underground_beach
D:4:      minmay_wonky_spiral, layout_rooms, nicolae_grassy_gnolls, uniq_natasha
D:5:      layout_loops_corners, serial_shops, shop, uniq_sigmund
D:6:      layout_basic, uniq_duvessa
D:7:      layout_loops_ring, minmay_temple_entry_poolview,
          nicolae_ossuary_entry_false_entrances, nicolae_elemental_shop
D:8:      layout_cave_pools, minitemple, chequers_serial_rivers_micro_b,
          serial_bayou_lake_a, uniq_grum
D:9:      layout_rooms, roderic_serpentine_path
D:10:     layout_stronghold, fedhas_ov_isle_minmay, minmay_lair_entry_grove,
          uniq_amaemon
D:11:     layout_loops_cross, david_orc_3
D:12:     gammafunk_boulding_lane, layout_loops_ring, special_room
          [special_room_orc], uniq_nessos
D:13:     layout_small_grid, uniq_erolcha
D:14:     layout_long_grid, lightli_vaults_fourway_checkpoint,
          minmay_misc_feat_tiny, serial_shops, shop
D:15:     hangedman_depths_entry_try_elsewhere_first, layout_loops_ring,
          nicolae_wwwww, serial_bayou_pond_c, minivault_10
Temple:   kb_temple_of_zot
Lair:1:   layout_small_grid, beast_lair_carwin_2, serial_bayou_shore_b
Lair:2:   layout_chaotic_city, minmay_swamp_entry_swarm,
          ebering_ghost_funeral_grove, lemuel_fruit_tree, grunt_megastairs_3
Lair:3:   layout_cellular_growth, uniq_gastronok
Lair:4:   layout_loops_ring, spider_nest_entry_a, gauntlet_entry_generic,
          hangedman_tree_tricks, grunt_megastairs_1
Lair:5:   layout_cave_shapes, ldierk_geyser, lemuel_fruit_fields
Lair:6:   guppyfry_lair_end_dragon, layout_regular_city,
          hangedman_lair_caniforms_friends, slime_altar_1,
          nicolae_volcano_entry_hallway, st_stairs_4
Swamp:1:  layout_basic_swamp, hangedman_swamp_ruin_wall, swamp_pool2
Swamp:2:  nicolae_swamp_long_stream, layout_basic_swamp,
          evilmike_swamp_ruin_house_3, uniq_roxanne
Swamp:3:  layout_basic_swamp, evilmike_swamp_ruin_rubble_1
Swamp:4:  swamp_icy, layout_basic_swamp, uniq_mlioglotl
Spider:1: layout_spider_delve, nicolae_spider_checkerboard, uniq_azrael,
          uniq_jorgrun, uniq_aizul
Spider:2: layout_spider_delve, uniq_arachne
Spider:3: layout_spider_delve
Spider:4: hellmonk_spider_rune_endless_swarm, uniq_donald, uniq_bai_suzhen
Orc:1:    giant_chief_lemuel, layout_caves, serial_shops, shop, shop, shop,
          nicolae_lakefront_shop, special_room [special_room_kobold]
Orc:2:    st_orc_rangers, layout_caves, serial_shops, nicolae_shop_statue_plus
Vaults:1: v_misc_3, ontoclasm_vaults_ring_large, vaults_dpeg_spiral,
          hangedman_vaults_maws, hangedman_vaults_nails,
          nicolae_vaults_an_arrangement, vaults_room_fours,
          hangedman_vaults_slither, grunt_vaults_trifunnel,
          ontoclasm_vaults_tryst, ontoclasm_vaults_idyll,
          layout_vaults_maze_snakey
Vaults:2: v_misc_2, v_pattern_3, minmay_crypt_entry_simple_round,
          ontoclasm_vaults_ligature, v_misc_5, v_rooms_2,
          hangedman_vaults_pinch, vaults_room_boxed, vaults_room_door_ring,
          layout_vaults_omnigrid, uniq_saint_roka, uniq_boris

Skill      XL: |  1  2  3  4  5  6  7  8  9 10 11 12 13 14 15 16 17 18 19 |
---------------+----------------------------------------------------------+-----
Transmutations | 1 2 3 4 |  4.0
Earth Magic    | 4 5 6 7 9 11 14 15 16 17 18 | 18.0
Dodging        | 2 3 4 5 6 8 |  8.0
Fighting       | 1 3 5 6 9 10 | 10.0
Conjurations   | 1 3 4 6 10 11 12 16 17 | 17.0
Spellcasting   | 3 4 8 10 11 12 14 15 | 15.0
Armour         | 1 2 4 5 6 7 10 11 12 | 12.8
Summonings     | 3 |  3.0
Evocations     | 1 2 3 |  3.0
Stealth        | 3 4 6 |  6.0
Shields        | 2 5 6 9 11 12 13 | 13.6
Maces & Flails | 2 3 5 |  5.1
Fire Magic     | 1 |  1.0
Hexes          | 2 5 6 |  6.0

Action                   |  1- 3 |  4- 6 |  7- 9 | 10-12 | 13-15 | 16-18 | 19-21 || total
-------------------------+-------+-------+-------+-------+-------+-------+-------++-------
Melee: Spear             |    51 |    16 |       |       |       |       |       ||    67
       Unarmed           |       |     1 |       |       |       |       |       ||     1
       Dagger            |       |       |     2 |       |       |       |       ||     2
       Falchion          |       |       |    35 |   203 |       |       |       ||   238
       Punch             |       |       |       |     7 |       |       |       ||     7
       Demon whip        |       |       |       |   263 |   689 |   329 |       ||  1281
       Kick              |       |       |       |       |       |   302 |   209 ||   511
       Eveningstar       |       |       |       |       |       |   402 |   417 ||   819
Throw: Dart              |       |     5 |       |    11 |    38 |    18 |    12 ||    84
       Javelin           |       |       |       |       |     4 |       |     1 ||     5
 Cast: Sandblast         |    42 |    21 |    23 |    31 |    55 |     7 |       ||   179
       Stone Arrow       |       |    11 |    56 |   167 |    72 |    61 |    19 ||   386
       Passwall          |       |     1 |       |       |       |       |     2 ||     3
       Animate Armour    |       |       |       |    18 |     8 |    11 |     2 ||    39
       Petrify           |       |       |       |    14 |    10 |     3 |     1 ||    28
       Iron Shot         |       |       |       |    27 |   254 |   363 |   173 ||   817
       Leda's Liquefacti |       |       |       |     3 |     3 |       |       ||     6
       Flame Wave        |       |       |       |       |     3 |     7 |     3 ||    13
       Yara's Violent Un |       |       |       |       |     1 |       |       ||     1
       Lee's Rapid Decon |       |       |       |       |       |     7 |    14 ||    21
       Iskenderun's Myst |       |       |       |       |       |     1 |     6 ||     7
       Orb of Destructio |       |       |       |       |       |       |     3 ||     3
Invok: Potion Petition   |       |       |       |     2 |     4 |    13 |     7 ||    26
 Abil: Evoke Blink       |       |       |       |       |       |     1 |     1 ||     2
Evoke: Wand              |       |       |       |       |    24 |    43 |     7 ||    74
       Lightning rod     |       |       |       |       |    14 |    14 |     5 ||    33
  Use: Scroll            |     5 |     4 |     8 |    12 |    20 |    26 |    14 ||    89
       Potion            |       |     2 |       |     5 |    12 |    15 |    19 ||    53
 Stab: Sleeping          |     4 |     1 |     1 |     1 |       |       |     2 ||     9
       Petrified         |       |       |       |    18 |    18 |       |     3 ||    39
       Distracted        |       |       |       |     5 |     4 |     6 |     3 ||    18
       Petrifying        |       |       |       |     1 |     1 |       |       ||     2
       Paralysed         |       |       |       |       |    13 |       |     1 ||    14
Armor: Robe              |    11 |     6 |    28 |   216 |   283 |       |       ||   544
       Steam dragon scal |       |       |     6 |    63 |       |       |       ||    69
       Leather armour    |       |       |     2 |       |       |       |       ||     2
       Scale mail        |       |       |       |       |    77 |   637 |   326 ||  1040
       Skin              |       |       |       |       |       |    33 |    14 ||    47
Dodge: Dodged            |    44 |    15 |    38 |   379 |   443 |   392 |   217 ||  1528
Block: Buckler           |       |       |       |    77 |   195 |       |       ||   272
       Kite shield       |       |       |       |       |   338 |  1230 |   671 ||  2239
       Reflection        |       |       |       |       |    59 |    32 |    33 ||   124
       Rpst.: Demon whip |       |       |       |       |     6 |    35 |       ||    41
       Eveningstar       |       |       |       |       |       |    64 |    42 ||   106

Table legend: (Time is in decaauts)
 A = Elapsed time spent in this place.
 B = Non-inter-level travel time spent in this place.
 C = Inter-level travel time spent in this place.
 D = Time resting spent in this place.
 E = Time spent auto-exploring this place.
 F = Levels seen in this place.
 G = Mean time per level.
                   A        B        C        D        E       F      G
               +--------+--------+--------+--------+--------+-----+--------+
         Total |  56858 |  55847 |   1011 |  25299 |      0 |  40 | 1421.4 |
       Dungeon |  19206 |  18834 |    372 |   6943 |      0 |  15 | 1280.4 |
        Temple |     87 |     87 |      0 |      0 |      0 |   1 |   87.0 |
          Lair |  14422 |  13973 |    449 |   7300 |      0 |   6 | 2403.7 |
         Swamp |   6275 |   6194 |     81 |   3490 |      0 |   4 | 1568.8 |
   Spider Nest |   6909 |   6836 |     73 |   3465 |      0 |   4 | 1727.2 |
  Orcish Mines |   4424 |   4390 |     34 |   2001 |      0 |   2 | 2212.0 |
        Vaults |   3514 |   3514 |      0 |   1505 |      0 |   2 | 1757.0 |
         Abyss |   1270 |   1270 |      0 |    402 |      0 |   4 |  317.5 |
       Ossuary |    319 |    319 |      0 |     28 |      0 |   1 |  319.0 |
      Gauntlet |    429 |    429 |      0 |    163 |      0 |   1 |  429.0 |
               +--------+--------+--------+--------+--------+-----+--------+

Top non-repeatable levels by time:
  Lair:4: 3425 daAuts
  Lair:6: 3424 daAuts
   Orc:1: 2931 daAuts
Spider:3: 2390 daAuts
Spider:4: 2374 daAuts
  Lair:1: 2373 daAuts
Vaults:1: 2359 daAuts
    D:14: 2074 daAuts
    D:10: 2013 daAuts
  Lair:2: 1982 daAuts
     D:6: 1957 daAuts
 Swamp:2: 1796 daAuts
    D:12: 1756 daAuts
  Lair:3: 1702 daAuts
 Swamp:4: 1646 daAuts
